Map: Golden Wall LE

Players

redbusman - Winner!

  • Race: Terran Terran
  • League: Silver
  • Spawn Location: 5:00

Splerch

  • Race: Terran Terran
  • League: Silver
  • Spawn Location: 7:00

VOD

Have the link to the VOD?

Description

Time

  • Played on: July 20, 2020, 11:40 p.m.
  • Length: 11:20
Show
View Real Time Build Order
Export as new Build Order

redbusman Terran - Winner!

Build Orders:  

Get SALT Encoding   

  12  0:02  SCV  
  13  0:15  SCV  
  13  0:19  Supply Depot  
  14  0:27  SCV  
  15  0:40  SCV  
  16  0:42  Barracks  
  16  0:52  SCV  
  16  0:54  Refinery  
  17  1:04  SCV  
  18  1:16  SCV  
  19  1:28  SCV  
  20  1:34  Marine  
  20  1:35  Command Center  
  21  1:42  Orbital Command  
  21  1:53  Marine  
  22  1:59  Bunker  
  22  2:09  Barracks  
  22  2:10  Marine  
  22  2:12  Barracks  
  22  2:28  Marine  
  22  2:37  Factory  
  22  2:46  Marine  
  23  3:03  Supply Depot  
  23  3:15  Marine, SCV  
  25  3:20  Marine x2  
  25  3:25  Factory Tech Lab  
  27  3:27  SCV  
  27  3:33  Marine  
  29  3:35  Starport  
  29  3:38  Marine x2  
  29  3:39  SCV  
  32  3:50  Refinery, Marine  
  32  3:51  Supply Depot  
  33  3:55  Marine  
  33  3:56  Marine  
  33  3:59  Siege Tank  
  38  4:08  Marine  
  39  4:12  SCV  
  40  4:24  SCV  
  40  4:27  Supply Depot  
  41  4:36  SCV  
  42  4:48  SCV  
  43  4:56  Command Center  
  43  5:01  SCV  
  44  5:12  Engineering Bay  
  44  5:17  Supply Depot  
  44  5:20  Cyclone  
  47  5:33  Refinery  
  47  5:40  Supply Depot  
  47  5:46  Barracks Tech Lab  
  47  5:47  Barracks Tech Lab  
  47  5:52  Cyclone  
  50  5:57  SCV  
  51  6:09  SCV  
  51  6:11  Orbital Command  
  52  6:21  SCV  
  53  6:25  Terran Infantry Weapons Level 1  
  53  6:27  Refinery  
  53  6:33  SCV, Missile Turret  
  54  6:42  Medivac  
  54  6:45  SCV  
  54  6:46  Marine x3  
  60  7:04  Marine x3  
  63  7:12  Medivac  
  65  7:19  Missile Turret  
  65  7:22  Marine x3  
  68  7:28  SCV  
  69  7:39  Marine  
  69  7:40  Marine x2, SCV  
  69  7:42  Medivac  
  75  7:46  Command Center  
  75  7:52  SCV  
  76  8:04  SCV  
  77  8:10  Siege Tank  
  77  8:12  Medivac  
  82  8:13  Marine x3  
  82  8:16  SCV  
  82  8:17  Combat Shield  
  82  8:19  Stimpack  
  86  8:20  Terran Infantry Armor Level 1  
  86  8:43  Supply Depot  
  86  8:45  Supply Depot  
  86  8:51  Supply Depot  
  86  8:54  Command Center  
  86  8:57  Marine x3  
  86  8:58  Siege Tank  
  92  9:03  Planetary Fortress  
  92  9:06  Missile Turret  
  92  9:15  Marine x3  
  95  9:30  Siege Tank  
  98  9:33  Marine x3  
  101  9:51  Marine x3  
  104  10:02  Siege Tank, Medivac  
  109  10:08  Marine x3  
  109  10:13  Armory  
  112  10:26  Marine x3  
  115  10:32  Medivac  
  113  10:44  Marine x3  
  113  11:02  Marine x3  
Show
View Real Time Build Order
Export as new Build Order

Splerch Terran 

Build Orders:  

Get SALT Encoding   

  12  0:01  SCV  
  13  0:13  SCV  
  14  0:26  SCV  
  15  0:32  Supply Depot  
  15  1:00  Barracks  
  15  1:01  Barracks  
  15  1:05  SCV  
  15  1:09  Supply Depot  
  16  1:24  SCV  
  17  1:32  Supply Depot  
  17  1:49  Marine x2  
  19  1:57  Refinery  
  19  2:07  Marine x2  
  19  2:28  Bunker  
  17  2:55  SCV  
  18  3:07  Refinery, SCV  
  20  3:20  SCV  
  20  3:56  Factory  
  20  4:01  Engineering Bay  
  20  4:03  Engineering Bay  
  20  4:13  Command Center  
  20  4:29  Command Center  
  20  4:32  Barracks Tech Lab  
  20  4:37  Barracks Reactor  
  20  4:39  Factory Tech Lab  
  22  4:52  Marauder  
  22  5:02  Siege Tank  
  25  5:13  Marine  
  26  5:15  Orbital Command  
  26  5:31  Marine  
  27  5:44  Missile Turret  
  27  5:47  Planetary Fortress  
  27  5:49  Planetary Fortress  
  27  6:09  Bunker  
  27  6:10  SCV  
  28  6:22  SCV  
  29  6:26  Marauder, Marine x2  
  33  6:34  SCV  
  33  6:37  SCV  
  35  6:40  SCV  
  35  6:41  Bunker  
  35  6:47  SCV  
  37  6:48  Hi-Sec Auto Tracking  
  37  6:49  SCV  
  37  6:53  SCV  
  39  7:01  SCV  
  40  7:05  SCV  
  41  7:13  SCV  
  41  7:15  Missile Turret  
  42  7:17  SCV  
  43  7:25  SCV  
  43  7:29  SCV  
  48  7:37  Siege Tank, SCV  
  48  7:40  Missile Turret  
  48  7:41  SCV  
  50  7:47  Starport  
  50  7:48  Starport  
  50  7:49  SCV  
  50  7:50  Starport  
  51  7:53  SCV  
  52  8:00  Missile Turret  
  52  8:01  SCV  
  52  8:05  SCV, Missile Turret  
  54  8:08  Missile Turret  
  54  8:09  Siege Tank  
  57  8:13  SCV, Missile Turret  
  57  8:16  Missile Turret  
  57  8:17  SCV  
  59  8:21  Missile Turret  
  59  8:34  Refinery  
  59  8:39  Refinery  
  59  8:47  Missile Turret x2  
  59  8:50  Missile Turret  
  59  8:52  Missile Turret  
  59  8:53  Missile Turret  
  59  9:19  Starport Reactor x3  
  59  9:26  Fusion Core  
  59  9:35  Armory x2  
  59  9:40  Armory  
  59  9:51  Sensor Tower  
  59  10:04  Sensor Tower  
  59  10:16  Missile Turret  
  59  10:24  Marine  
  59  10:25  Marine x2  
  62  10:42  Marine x2  
  62  10:43  Marine  
  65  11:00  Marine x2  
  65  11:01  Marine  
Tags
 
Matchup
TvT
Race
Terran
Spawn Locations
Close Positions
Add a new tag
Caveats
  • Supply blocks, unpowered buildings, or Contaminate may cause inaccurate times.
  • Supply counts are checked every 10 seconds.